 Dungeon Crawl Stone Soup version 0.25-a0-670-g50981ef59b (webtiles) character file.

Game seed: 10785678605679682485, levelgen mode: deterministic

39 Error4North the Firebug (level 3, 8/32 HPs)
             Began as an Ogre Fire Elementalist on Mar 29, 2020.
             Quit the game on level 2 of the Dungeon.
             The game lasted 00:11:05 (1486 turns).

Error4North the Firebug (Ogre Fire Elementalist)    Turns: 1486, Time: 00:11:06

Health: 8/32       AC:  4    Str: 12    XL:     3   Next: 45%
Magic:  3/7        EV: 10    Int: 16    God:
Gold:   112        SH:  0    Dex: 10    Spells: 0/7 levels left

rFire    . . .     SeeInvis .   (no weapon)
rCold    . . .     Gourm    .   (no shield)
rNeg     . . .     Faith    .   a - +0 robe
rPois    .         Spirit   .   (helmet restricted)
rElec    .         Reflect  .   f - +0 cloak
rCorr    .         Harm     .   (gloves unavailable)
MR       .....                  (boots unavailable)
Stlth    ++........             (no amulet)
HPRegen  0.10/turn              (no ring)
MPRegen  0.10/turn              (no ring)

@: mildly poisoned (8 -> 6)
A: large, unfitting armour, tough skin 1
a: no special abilities


You were on level 2 of the Dungeon.
You were not hungry.

You visited 1 branch of the dungeon, and saw 2 of its levels.

You collected 112 gold pieces.

Inventory:

Missiles
 g - 30 stones (quivered)
Armour
 a - a +0 robe (worn)
 f - a +0 cloak (worn)
Scrolls
 b - 2 scrolls of identify {unknown}
 j - a scroll of fear {unknown}
 k - a scroll of magic mapping {unknown}
 l - 3 scrolls of immolation {unknown}
 m - a scroll of remove curse {unknown}
Potions
 e - a potion of haste {unknown}
 h - a potion of invisibility {unknown}
 i - a potion of heal wounds {unknown}
Comestibles
 c - 7 rations


   Skills:
 + Level 0.3 Fighting
 * Level 2.4 Dodging
 + Level 1.5 Stealth
 + Level 0.2 Unarmed Combat
 * Level 2.7 Spellcasting
 * Level 1.0 Conjurations
 * Level 3.1 Fire Magic


You couldn't memorise any spells.
You knew the following spells:

 Your Spells              Type           Power        Failure   Level  Hunger
a - Foxfire               Conj/Fire      #...         9%          1    #......
b - Conjure Flame         Conj/Fire      #.......     24%         3    ###....
c - Inner Flame           Hex/Fire       #.......     30%         3    ###....

Your spell library contained the following spells:

 Spells                   Type           Power        Failure   Level  Hunger
 Sticky Flame             Conj/Fire      #.......     63%         4    #####..
 Fireball                 Conj/Fire      #.........   92%         5    ######.


Dungeon Overview and Level Annotations

Branches:
Dungeon (2/15)

Altars:
Dithmenos

Annotations:
D:2 Crazy Yiuf


Innate Abilities, Weirdness & Mutations

You are too large for most types of armour.
You have tough skin. (AC +1)


Message History

You see here a ration.
c - 7 rations (gained 1) It was a potion of curing.
You feel better.
Casting: Conjure Flame (safe; 24% risk of failure)
Confirm with . or Enter, or press ? or * to list all spells.
You don't have enough magic to cast that spell.
An adder comes into view.
The adder hisses angrily.
The adder bites you but does no damage. The adder bites you.
The adder bites you.
You are poisoned.
The adder poisons you!
You feel sick. The adder bites you but does no damage.
Found a mace.
Found a runed translucent door.
You feel sick. The adder bites you.
* * * LOW HITPOINT WARNING * * *
You open the door. The adder barely misses you.
Are you sure you want to abandon this character and quit the game? (Confirm with "yes".)

##..####
#....#
#....#
#.S.## #####
##.##
#...######
#.##
#.........
##S#
#...######
#S## ##.##
##@# #.# #g#
#<# ...
####.# #...#
#....######
#..)#
##........#
#####
##...####.##
#..<.####...
#####
#......(....
#.#.#
##......####


You could see Crazy Yiuf and 2 adders.

Vanquished Creatures
  2 adders (D:2)
  3 giant cockroaches
  A goblin (D:2)
  A hobgoblin (D:2)
  2 jackals (D:1)
  2 kobolds
  5 bats
  5 rats (D:2)
21 creatures vanquished.

Vanquished Creatures (others)
  33 foxfires
33 creatures vanquished.

Grand Total: 54 creatures vanquished

Notes
Turn   | Place    | Note
-------+----------+-------------------------------------------
     0 | D:1      | Error4North the Ogre Fire Elementalist began the quest for
                  | the Orb.
     0 | D:1      | Reached XP level 1. HP: 16/16 MP: 3/3
   146 | D:1      | Reached skill level 3 in Fire Magic
   325 | D:1      | Reached XP level 2. HP: 22/24 MP: 3/5
   768 | D:2      | Reached skill level 1 in Conjurations
   833 | D:2      | Found a shadowy altar of Dithmenos.
   897 | D:2      | Reached XP level 3. HP: 27/32 MP: 2/7
  1039 | D:2      | Learned a level 3 spell: Conjure Flame
  1043 | D:2      | Learned a level 3 spell: Inner Flame
  1481 | D:2      | Found a runed translucent door.
  1482 | D:2      | Noticed Crazy Yiuf
  1486 | D:2      | Quit the game

Levels and vault maps discovered:
D:1:      scummos_arrival_simple_fountains, layout_basic, minivault_19
D:2:      layout_loops_ring, grunt_dithmenos_smoke, first_ration,
          uniq_crazy_yiuf_cottage

Skill      XL: |  1  2 |
---------------+-------+-----
Fire Magic     | 3 |  3.1
Conjurations   | 1 |  1.0
Dodging        | 2 |  2.4
Fighting       | |  0.3
Stealth        | |  1.5
Unarmed Combat | |  0.2
Spellcasting   | |  2.7

Action                   || total
-------------------------++-------
Melee: Unarmed           ||    69
 Cast: Foxfire           ||    21
       Conjure Flame     ||     2
  Use: Potion            ||     1
 Stab: Sleeping          ||     1
  Eat: Chunk             ||     2
Armor: Robe              ||    38
Dodge: Dodged            ||    70

Table legend:
 A = Non-vault XP
 B = Vault XP
 C = Vault XP percentage of total XP
 D = Non-vault monster count
 E = Vault monster count
 F = Vault count percentage of total count
                 A         B        C        D         E       F
            +---------+---------+-------+---------+---------+-------
      Total |      56 |       0 |   0.0 |      21 |       0 |   0.0
            +---------+---------+-------+---------+---------+-------
        D:1 |      10 |       0 |   0.0 |       6 |       0 |   0.0
        D:2 |      46 |       0 |   0.0 |      15 |       0 |   0.0
            +---------+---------+-------+---------+---------+-------
